Map: Prion Terraces

Players

NoPinSea (Probe) - Winner!

  • Race: Protoss Protoss
  • League: Master

KingkOng

  • Race: Zerg Zerg
  • League: Grandmaster

Event: 2016 WCS Winter Challenger Oceania SEA

VOD

Have the link to the VOD?

Description

Time

  • Played on: Feb. 12, 2016, 7:57 p.m.
  • Length: 10:15

All games in this series

Show
View Real Time Build Order
Export as new Build Order

NoPinSea Protoss - Winner!

Build Orders: 1 Gate Expand 

Get SALT Encoding   

  12  0:00  Probe (Chrono Boost)  
  13  0:11  Probe (Chrono Boost)  
  14  0:18  Pylon  
  14  0:22  Probe (Chrono Boost)  
  15  0:36  Probe (Chrono Boost)  
  15  0:37  Gateway  
  16  0:47  Probe (Chrono Boost), Assimilator  
  17  0:57  Probe (Chrono Boost)  
  18  1:08  Probe (Chrono Boost)  
  19  1:19  Nexus  
  19  1:22  Probe (Chrono Boost)  
  20  1:31  Cybernetics Core  
  20  1:34  Probe (Chrono Boost)  
  21  1:40  Assimilator  
  21  1:45  Probe (Chrono Boost)  
  22  1:50  Pylon  
  22  1:55  Probe (Chrono Boost)  
  23  2:09  Probe (Chrono Boost), Stalker (Chrono Boost)  
  23  2:10  Warp Gate  
  26  2:20  Probe  
  27  2:32  Probe (Chrono Boost)  
  27  2:33  Mothership Core (Chrono Boost)  
  30  2:37  Stalker  
  30  2:43  Probe (Chrono Boost)  
  33  2:52  Probe (Chrono Boost)  
  33  2:54  Probe (Chrono Boost)  
  35  3:02  Probe (Chrono Boost)  
  35  3:05  Probe (Chrono Boost)  
  37  3:08  Sentry  
  39  3:14  Probe (Chrono Boost), Gateway  
  39  3:15  Probe (Chrono Boost), Gateway  
  39  3:17  Pylon  
  41  3:24  Probe (Chrono Boost)  
  41  3:26  Probe (Chrono Boost)  
  43  3:35  Probe (Chrono Boost)  
  43  3:36  Probe (Chrono Boost)  
  45  3:41  Assimilator  
  45  3:42  Assimilator  
  45  3:45  Probe (Chrono Boost)  
  45  3:47  Probe (Chrono Boost)  
  47  3:52  Stargate  
  47  3:54  Stargate  
  45  3:56  Probe (Chrono Boost)  
  45  3:57  Probe (Chrono Boost)  
  45  4:01  Gateway  
  47  4:06  Probe (Chrono Boost)  
  47  4:08  Probe (Chrono Boost)  
  49  4:11  Pylon  
  49  4:13  Sentry  
  49  4:14  Pylon x2  
  49  4:15  Zealot  
  53  4:21  Pylon  
  53  4:24  Forge  
  53  4:32  Zealot  
  53  4:37  Gateway, Phoenix (Chrono Boost)  
  53  4:38  Gateway, Phoenix (Chrono Boost)  
  58  4:40  Zealot  
  58  4:41  Sentry  
  63  4:45  Probe  
  63  4:46  Probe  
  64  4:59  Zealot, Phoenix (Chrono Boost)  
  68  5:00  Phoenix (Chrono Boost)  
  68  5:05  Protoss Ground Weapons Level 1  
  70  5:12  Nexus  
  70  5:15  Pylon  
  70  5:18  Pylon  
  70  5:23  Phoenix (Chrono Boost)  
  70  5:27  Phoenix (Chrono Boost)  
  74  5:36  Probe x2  
  74  5:41  Robotics Facility, Zealot  
  74  5:42  Zealot  
  80  5:48  Probe  
  81  5:53  Probe  
  81  5:56  Phoenix x2 (Chrono Boost)  
  86  5:58  Zealot  
  88  6:05  Probe, Twilight Council  
  89  6:13  Zealot x3  
  89  6:16  Sentry  
  93  6:25  Probe  
  90  6:27  Probe  
  90  6:29  Immortal (Chrono Boost)  
  90  6:31  Probe  
  90  6:37  Probe  
  90  6:39  Probe  
  96  6:44  Probe  
  97  6:47  Assimilator x2  
  97  6:49  Probe  
  97  6:51  Probe  
  101  6:56  Probe  
  101  7:00  Charge (Chrono Boost)  
  100  7:01  Probe, Robotics Facility  
  100  7:03  Probe  
  100  7:08  Probe  
  103  7:12  Immortal (Chrono Boost)  
  103  7:14  Probe  
  106  7:27  Gateway  
  106  7:29  Gateway  
  106  7:30  Protoss Ground Weapons Level 2, Gateway  
  106  7:34  Gateway  
  106  7:37  Templar Archives  
  106  7:40  Pylon  
  106  7:42  Pylon  
  106  7:44  Zealot x2  
  106  7:47  Pylon  
  106  7:50  Pylon, Observer (Chrono Boost)  
  115  7:51  Immortal (Chrono Boost)  
  115  8:03  Zealot x3  
  121  8:09  Immortal (Chrono Boost)  
  125  8:15  Zealot  
  125  8:16  Zealot  
  125  8:19  Nexus  
  129  8:23  High Templar x3  
  129  8:26  Immortal (Chrono Boost)  
  139  8:27  High Templar  
  139  8:29  Archon  
  141  8:35  Archon  
  141  8:41  Pylon  
  141  8:43  Warp Prism (Chrono Boost), Pylon  
  141  8:44  Zealot  
  141  8:45  Zealot x2  
  144  9:03  Observer (Chrono Boost)  
  144  9:09  Probe  
  139  9:15  Zealot x6  
  144  9:18  Probe  
  145  9:25  Probe  
  145  9:27  Observer x2 (Chrono Boost)  
  140  9:42  Zealot x3  
  135  9:55  Probe  
  135  9:56  Zealot x2  
Show
View Real Time Build Order
Export as new Build Order

KingkOng Zerg 

Build Orders: Hatch First 

Get SALT Encoding   

  12  0:00  Drone  
  13  0:12  Overlord  
  13  0:17  Drone  
  14  0:30  Drone x2  
  14  0:34  Drone  
  17  0:52  Hatchery  
  17  0:53  Drone  
  17  0:57  Drone  
  18  1:10  Extractor  
  17  1:12  Spawning Pool  
  17  1:15  Drone  
  18  1:18  Drone  
  18  1:27  Drone  
  19  1:38  Overlord  
  19  1:58  Drone  
  19  1:59  Queen  
  19  2:00  Zergling x2  
  23  2:03  Queen  
  23  2:05  Drone  
  26  2:09  Metabolic Boost  
  26  2:12  Drone  
  26  2:15  Drone  
  28  2:22  Drone  
  29  2:30  Drone  
  30  2:41  Hatchery, Queen  
  30  2:43  Overlord  
  31  2:49  Evolution Chamber  
  30  2:52  Overlord  
  30  3:03  Zergling x2  
  30  3:04  Zergling x6  
  33  3:09  Overlord  
  33  3:12  Zergling x8  
  37  3:20  Overlord, Zergling x2  
  37  3:21  Zergling x2  
  40  3:27  Zergling x2  
  40  3:30  Zergling x2  
  40  3:31  Overlord  
  41  3:43  Zergling x2  
  41  3:49  Drone  
  41  3:50  Drone x5  
  44  3:55  Drone  
  44  3:56  Drone x2  
  44  3:57  Lair  
  44  4:01  Drone  
  48  4:04  Spore Crawler  
  48  4:08  Drone x2  
  48  4:09  Drone x2  
  50  4:17  Roach Warren, Extractor  
  49  4:19  Extractor  
  47  4:31  Overlord  
  47  4:56  Glial Reconstitution  
  47  4:58  Roach  
  47  4:59  Roach x4  
  57  5:02  Drone x5  
  57  5:03  Overlord, Drone x4  
  57  5:04  Overlord  
  57  5:06  Overseer  
  70  5:14  Roach x2  
  70  5:19  Roach x2  
  70  5:20  Overlord  
  74  5:24  Drone x4  
  74  5:28  Extractor x2  
  75  5:36  Drone x6  
  75  5:37  Drone  
  75  5:39  Extractor  
  81  5:48  Overlord  
  81  5:49  Hydralisk Den  
  79  5:50  Overlord  
  79  5:53  Drone x2  
  76  5:59  Spore Crawler  
  73  6:06  Burrow  
  73  6:13  Overlord  
  73  6:14  Tunneling Claws  
  65  6:35  Hydralisk x6  
  65  6:38  Hydralisk  
  75  6:40  Queen  
  75  6:43  Hydralisk  
  75  6:46  Hydralisk  
  75  6:50  Drone x2  
  75  6:51  Drone x5  
  84  6:54  Roach  
  84  6:58  Muscular Augments  
  86  7:05  Overlord  
  86  7:06  Overlord  
  81  7:09  Overlord  
  81  7:10  Overlord  
  81  7:12  Overlord  
  81  7:14  Overlord  
  77  7:20  Overlord  
  77  7:21  Overlord  
  77  7:28  Hydralisk x3  
  83  7:30  Spore Crawler  
  83  7:36  Evolution Chamber  
  81  7:43  Hatchery, Roach  
  81  7:44  Roach x7  
  96  7:52  Overlord  
  96  7:54  Overlord  
  96  8:04  Overlord  
  96  8:09  Lurker Den  
  96  8:10  Drone x3  
  96  8:11  Overlord, Drone x2  
  101  8:12  Zerg Missile Weapons Level 1  
  100  8:25  Drone  
  100  8:26  Drone x9  
  110  8:31  Hydralisk  
  110  8:32  Hydralisk x2  
  116  8:37  Roach x4  
  116  8:39  Roach x5  
  116  8:40  Overlord  
  116  8:41  Overlord  
  116  8:42  Hydralisk  
  116  8:43  Hydralisk  
  116  8:46  Overlord  
  120  8:51  Overlord  
  120  8:59  Overlord  
  120  9:00  Hydralisk x3  
  120  9:10  Roach x5  
  120  9:16  Roach x2  
  94  9:18  Roach x3  
  94  9:21  Roach x8  
  93  9:31  Roach  
  93  9:32  Roach x2  
  93  9:33  Roach  
  93  9:35  Roach  
  86  9:46  Lurker x3  
Tags
 
Add a new tag
Caveats
  • Supply blocks, unpowered buildings, or Contaminate may cause inaccurate times.
  • Supply counts are checked every 10 seconds.